 Dungeon Crawl Stone Soup version 0.16-a0-2736-g1697cd3 (webtiles) character file.

17458 PolkaDot the Summoner (level 12, 0/87 HPs)
             Began as a Vampire Summoner on Nov 26, 2014.
             Was a High Priest of Sif Muna.
             Succumbed to a green ugly thing's poison
             ... on level 13 of the Dungeon.
             The game lasted 01:13:34 (14375 turns).

PolkaDot the Summoner (Vampire Summoner)           Turns: 14375, Time: 01:13:34

Health: 0/87       AC: 11    Str: 11    XL:     12   Next: 19%
Magic:  13/18      EV: 11    Int: 23    God:    Sif Muna [*****.]
Gold:   622        SH:  0    Dex: 17    Spells: 5 memorised, 3 levels left

rFire  + + .     SeeInvis +     m - +6 scimitar of Flaming Death {flame, rPois rF++ rC- MR+}
rCold  + . .     Clarity  .     z - +1 leather armour {rC+}
rNeg   + . .     SustAb   .     (no shield)
rPois  +         Gourm    .     q - +4 helmet "Ruirang Abek" {+Blink rC+ rN+ MR+ Str+2}
rElec  .         Spirit   .     (no cloak)
rCorr  .         Warding  .     u - +0 pair of gloves
rMut   .         Stasis   .     x - +0 pair of boots
MR     ++++.                    O - amulet of regeneration
Stlth  ++........               e - +3 ring of dexterity
                                i - ring of poison resistance

@: lethally poisoned, very slightly contaminated, regenerating quickly, repel
missiles, invisible, incredibly resistant to hostile enchantments, unstealthy
A: bottle blood, fangs 3, see invisible, clever 1, frail 1, magic resistance 1,
strong 1, unbreathing, no device heal 2
a: Channel Energy, Forget Spell, Renounce Religion, Evoke Blink


You were on level 13 of the Dungeon.
You worshipped Sif Muna.
Sif Muna was extremely pleased with you.
You were very full.

You visited 2 branches of the dungeon, and saw 15 of its levels.
You also visited: Labyrinth and Ossuary.

You collected 694 gold pieces.
You spent 72 gold pieces at shops.

Inventory:

Hand weapons
 m - the +6 scimitar of Flaming Death (weapon) {flame, rPois rF++ rC- MR+}
   (You took it off Azrael on level 12 of the Dungeon)

   It emits flame when wielded, causing extra injury to most foes and up to
   double damage against particularly susceptible opponents.
   Big, fiery blades are also staple armaments of hydra-hunters.
   It greatly protects you from fire.
   It makes you vulnerable to cold.
   It protects you from poison.
   It affects your resistance to hostile enchantments.
Missiles
 j - 4 javelins of penetration (quivered)
 A - a throwing net
Armour
 q - the +4 helmet "Ruirang Abek" (worn) {+Blink rC+ rN+ MR+ Str+2}
   (You acquired it in an ossuary)

   It affects your strength (+2).
   It protects you from cold.
   It protects you from negative energy.
   It affects your resistance to hostile enchantments.
   It lets you blink.
 u - a +0 pair of gloves (worn)
 x - a +0 pair of boots (worn)
 z - a +1 leather armour of cold resistance (worn)
Rods
 r - a +2 rod of clouds (10/10)
   (You found it in a labyrinth)
 E - a -3 rod of shadows (9/9)
   (You found it in a labyrinth)
 L - a +7 rod of destruction (9/9)
   (You found it in a labyrinth)
Jewellery
 e - a +3 ring of dexterity (right hand)
 i - a ring of poison resistance (left hand)
 k - an uncursed ring of positive energy
 p - an uncursed ring of sustain abilities
 w - an uncursed ring of protection from magic
 O - an amulet of regeneration (around neck)
 Q - an uncursed ring of protection from magic
Magical devices
 t - a wand of fire (0)
 v - a wand of random effects (25)
 B - a wand of cold (0)
 H - a wand of enslavement (5)
 J - a wand of magic darts (17)
 K - a wand of invisibility (0)
 N - a wand of draining (0)
 P - a wand of lightning (0)
 S - a wand of digging (11)
Scrolls
 d - 3 scrolls of immolation
 g - a scroll of vulnerability
 l - 2 scrolls of fog
 n - a scroll of enchant weapon
 o - 4 scrolls of recharging
 s - 4 scrolls of noise
Potions
 c - 2 potions of cancellation
 f - 2 potions of brilliance
 h - 5 potions of blood {@*1}
 C - a potion of magic
Books
 y - a book of Wizardry

   Spells                             Type                      Level
   Agony                              Necromancy                   5
   Force Lance                        Conjuration/Translocation    4
   Haste                              Charms                       6
   Invisibility                       Hexes                        6
   Spellforged Servitor               Conjuration/Summoning        7
 F - a Fen Folio

   Spells                             Type                      Level
   Corpse Rot                         Necromancy                   2
   Stone Arrow                        Conjuration/Earth            3
   Leda's Liquefaction                Hexes/Earth                  4
   Summon Forest                      Summoning/Translocation      5
   Hydra Form                         Transmutation                6
   Summon Hydra                       Summoning                    7
 I - a book of Air

   Spells                             Type                      Level
   Shock                              Conjuration/Air              1
   Swiftness                          Charms/Air                   2
   *Repel Missiles                    Charms/Air                   2
   Flight                             Charms/Air                   3
   Static Discharge                   Conjuration/Air              3
   Lightning Bolt                     Conjuration/Air              5
 U - Neates' Collected Works on Companions
   (Sif Muna gifted it to you on level 12 of the Dungeon)

   Spells                             Type                      Level
   *Call Imp                          Summoning                    2
   Recall                             Summoning/Translocation      3
   Monstrous Menagerie                Summoning                    6
   Haunt                              Necromancy/Summoning         7


   Skills:
 - Level 10.0 Fighting
 * Level 5.0 Long Blades
 - Level 2.1 Dodging
 - Level 3.0 Stealth
 - Level 2.2 Spellcasting
 + Level 3.9 Charms
 + Level 12.2 Summonings
 - Level 5.2 Translocations
 - Level 5.7 Ice Magic
 - Level 5.0 Air Magic
 - Level 2.6 Evocations


You had 3 spell levels left.
You knew the following spells:

 Your Spells              Type           Power        Failure   Level  Hunger
d - Call Canine Familiar  Summ           ######..     1%          3    ###....
i - Summon Ice Beast      Ice/Summ       #####...     3%          4    ####...
s - Call Imp              Summ           ######..     1%          2    ##.....
A - Apportation           Tloc           ####......   1%          1    None
D - Repel Missiles        Chrm/Air       ###...       2%          2    ##.....


Dungeon Overview and Level Annotations

Branches:
Dungeon (14/15)            Temple (1/1) D:5            Lair (0/8) D:8
    Orc (0/4) D:9
 Vaults: D:13-14

Altars:
Ashenzari
Cheibriados
Dithmenos
Elyvilon
Fedhas
Gozag
Kikubaaqudgha
Makhleb
Nemelex Xobeh
Okawaru
Qazlal
Ru
Sif Muna
Trog
Vehumet
Xom
Yredelemnul
Zin
The Shining One
Jiyva

Shops:
D:10 [


Innate Abilities, Weirdness & Mutations

Your natural rate of healing is unusually fast.
You can bottle blood from corpses.
You have razor-sharp teeth.
You have supernaturally acute eyesight.
You can survive without breathing.
Your mind is acute. (Int +2)
You are frail (-10% HP).
You are resistant to hostile enchantments.
Your muscles are strong. (Str +2)
Potions and wands are poor at restoring your health.


Message History

You feel sick.
Use which ability? (? or * to list)
You channel some magical energy.
You feel somewhat less full.
* * * LOW HITPOINT WARNING * * *
You feel sick.
Use which ability? (? or * to list)
You channel some magical energy.
You feel somewhat less full.
* * * LOW HITPOINT WARNING * * *
You feel sick.
Use which ability? (? or * to list)
You channel some magical energy.
You feel somewhat less full.
* * * LOW HITPOINT WARNING * * *
You feel sick.
Use which ability? (? or * to list)
You channel some magical energy.
* * * LOW HITPOINT WARNING * * *
You feel sick.
Use which ability? (? or * to list)
You channel some magical energy.
You feel somewhat less full.
You die...

###.###..#####..# #.#
#.# ## ....#
#.....##..# #.#
#.######.
.#..###.###..#..# #.#
#........ ........#
#.....# #.# ########.
#.###...###..#.## #.#
#. ...#.........#[# #.#
#.
.#.....##.##.#)######.#
#.
..#.#..##.>..[........#
#.
.##.#...........@...###
#.
.##.#..........####.#
#. ..........##.### #.#
#. .............# #<#
#. ....#..####### #.#
#. ....#..#
#.############.
##..#..#
#..............
.......#
###############
##..##.#


There were no monsters in sight!

Vanquished Creatures
  3 hill giants
  2 ugly things
  A gargoyle (D:10)
  A komodo dragon (D:10)
  A wandering mushroom (Lab)
  A deep elf mage (D:9)
  A shadow (D:13)
  6 yaks (D:10)
  A steam dragon (D:13)
  2 fire elementals
  A hungry ghost (D:12)
  6 vampire mosquitoes
  Edmund (D:6)
  An orc warrior (D:13)
  A swamp drake (D:9)
  An ice beast (D:6)
  4 phantoms
  3 black bears
  6 ogres
  4 sky beasts
  8 centaurs
  5 giant frogs
  Blork the orc (D:7)
  2 scorpions
  7 killer bees
  6 wights
  3 centaur zombies
  7 hounds
  5 crimson imps
  7 jellies
  2 centaur skeletons
  3 giant frog skeletons
  4 orc priests
  7 worker ants
  A yellow wasp zombie (D:7)
  An iguana (D:7)
  Natasha (D:4)
  7 orc wizards
  A big kobold zombie (Ossuary)
  4 mummies
  A hound skeleton (D:11)
  A hound zombie (D:10)
  6 gnolls
  10 adders
  A giant mite (D:7)
  A shadow imp (D:9)
  2 worms
  An adder skeleton (D:6)
  A giant gecko (D:1)
  2 oozes
  35 orcs
  9 bats
  A bat zombie (D:8)
  4 giant cockroaches
  11 hobgoblins
  12 jackals
  4 quokkas
  2 ball pythons
  2 giant newts
  A gnoll zombie (Ossuary)
  11 goblins
  2 goblin zombies (Ossuary)
  16 kobolds
  2 kobold zombies
  2 orc zombies (Ossuary)
  3 quokka skeletons
  11 rats
  6 ballistomycetes
289 creatures vanquished.

Vanquished Creatures (collateral kills)
  Azrael (D:12)
  2 hydras
  The ghost of B1inky the Jinx, an experienced DgEn (D:10)
  A hill giant (D:12)
  An unseen horror (D:12)
  A wolf spider zombie (D:12)
  3 manticores
  4 ugly things
  A centaur zombie (D:14)
  2 cyclopes
  A queen bee (D:8)
  A troll (D:12)
  A two-headed ogre (D:10)
  A deep elf mage (D:12)
  4 fire elementals (D:12)
  3 orc warriors
  An ice beast (D:6)
  2 ogres
  A black bear (D:9)
  2 centaurs
  2 big kobolds
  An earth elemental (Lab)
  19 killer bees
  2 wights (D:6)
  2 goliath beetles
  A crimson imp (D:12)
  An orc wizard (D:13)
  3 worker ants
  A mummy (D:6)
  2 adders
  7 gnolls (D:3)
  A giant gecko (D:1)
  8 orcs
  2 giant cockroaches
  2 hobgoblins
  7 kobolds
  3 bats
  2 giant newts (D:1)
  A giant spore (D:9)
  2 goblins (D:1)
  A kobold zombie (D:6)
  3 rats
  5 ballistomycetes
112 creatures vanquished.

Vanquished Creatures (others)
  A minotaur (Lab)
  35 ice beasts
  14 wolves
  2 wargs
  4 crimson imps
  8 hounds
  An orc wizard (D:4)
  2 white imps
  A shadow imp (D:5)
  A quokka (D:9)
  A giant spore (D:12)
  A rat (D:1)
71 creatures vanquished.

Grand Total: 472 creatures vanquished

Notes
Turn   | Place    | Note
--------------------------------------------------------------
     0 | D:1      | PolkaDot, the Vampire Summoner, began the quest for the Orb.
     0 | D:1      | Reached XP level 1. HP: 13/13 MP: 3/3
   238 | D:1      | Reached skill level 1 in Fighting
   424 | D:1      | Reached XP level 2. HP: 14/21 MP: 4/4
   760 | D:1      | Learned a level 2 spell: Call Imp
  1098 | D:2      | Reached XP level 3. HP: 26/28 MP: 0/6
  1104 | D:2      | Learned a level 3 spell: Call Canine Familiar
  2103 | D:3      | Reached XP level 4. HP: 35/35 MP: 7/7
  2480 | D:3      | Reached XP level 5. HP: 27/42 MP: 1/9
  3321 | D:4      | Reached skill level 5 in Fighting
  3333 | D:4      | Got a steaming mace
  3334 | D:4      | Identified the +7 mace of Quick Death {freeze, +Rage} (You found it on level 4 of the Dungeon)
  3415 | D:4      | Reached XP level 6. HP: 47/51 MP: 10/10
  3435 | D:4      | Noticed an ogre
  3443 | D:4      | Killed an ogre
  3553 | D:4      | Reached skill level 6 in Fighting
  3698 | D:4      | Noticed Natasha
  3703 | D:4      | Killed Natasha
  3947 | D:5      | Entered Level 5 of the Dungeon
  3955 | D:5      | Found a shattered altar of Ashenzari.
  3967 | D:5      | Found a sacrificial altar of Ru.
  3972 | D:5      | Found a sparkling altar of Nemelex Xobeh.
  3976 | D:5      | Found an iron altar of Okawaru.
  4006 | D:5      | Reached XP level 7. HP: 55/59 MP: 12/12
  4046 | D:5      | Found a staircase to the Ecumenical Temple.
  4091 | Temple   | Entered the Ecumenical Temple
  4203 | Temple   | Became a worshipper of Sif Muna the Loreminder
  4209 | Temple   | Learned a level 4 spell: Summon Ice Beast
  4311 | D:5      | Reached skill level 1 in Ice Magic
  4461 | D:5      | Found a shadowy altar of Dithmenos.
  4699 | D:5      | Reached skill level 5 in Summonings
  4871 | D:5      | Acquired Sif Muna's first power
  5174 | D:6      | Reached XP level 8. HP: 44/65 MP: 7/13
  5201 | D:6      | Found a sand-covered staircase.
  5222 | Ossuary  | Entered an ossuary
  5569 | Ossuary  | Identified 2 scrolls of acquirement
  5583 | Ossuary  | Got a dazzling helmet
  5589 | Ossuary  | Identified the +4 helmet "Ruirang Abek" {+Blink rC+ rN+ MR+ Str+2} (You acquired it in an ossuary)
  5696 | D:6      | Reached skill level 7 in Fighting
  5796 | D:6      | Noticed Edmund
  5813 | D:6      | Killed Edmund
  5813 | D:6      | Acquired Sif Muna's second power
  5917 | D:6      | Got a flickering wooden ring
  5920 | D:6      | Identified the ring of Jixuguf {+Blink rF- SInv Stlth-} (You took it off a crimson imp on level 6 of the Dungeon)
  6547 | D:7      | Noticed a troll
  6578 | D:7      | Noticed Blork the orc
  6588 | D:7      | Killed Blork the orc
  6605 | D:7      | Reached skill level 8 in Summonings
  6608 | D:7      | Reached XP level 9. HP: 65/72 MP: 14/14
  6930 | D:7      | Reached skill level 5 in Ice Magic
  7364 | D:8      | HP: 2/74 [killer bee (15)]
  7394 | D:8      | Reached skill level 9 in Summonings
  7555 | D:8      | Gained mutation: Your mind is acute. (Int +2) [potion of beneficial mutation]
  7603 | D:8      | Found a burning altar of Makhleb.
  7680 | D:8      | Found a glowing silver altar of Zin.
  7680 | D:8      | Noticed an angel
  7681 | D:8      | Noticed a balrug
  8570 | D:8      | Found a staircase to the Lair.
  8918 | D:9      | Learned a level 1 spell: Apportation
  8930 | D:9      | Reached skill level 1 in Evocations
  8968 | D:9      | Reached skill level 10 in Summonings
  8982 | D:9      | Reached XP level 10. HP: 49/81 MP: 11/16
  9118 | D:9      | Found a viscous altar of Jiyva.
  9617 | D:9      | Found a staircase to the Orcish Mines.
  9634 | D:9      | Acquired Sif Muna's third power
  9764 | D:9      | Learned a level 2 spell: Repel Missiles
  9800 | D:10     | Entered Level 10 of the Dungeon
  9912 | D:10     | Reached skill level 1 in Air Magic
 10123 | D:10     | Found Ocaluy's Antique Armour Shop.
 10131 | D:10     | Bought a pair of embroidered gloves for 72 gold pieces
 10271 | D:10     | Noticed B1inky's ghost (experienced DgEn)
 10289 | D:10     | Killed B1inky's ghost
 10687 | D:11     | Found a labyrinth entrance.
 10713 | Lab      | Entered a labyrinth
 10952 | Lab      | Reached skill level 5 in Air Magic
 11003 | Lab      | Noticed a minotaur
 11014 | Lab      | Killed a minotaur
 11046 | Lab      | Identified a -3 rod of shadows (9/9) (You found it in a labyrinth)
 11047 | Lab      | Identified a +7 rod of destruction (9/9) (You found it in a labyrinth)
 11163 | D:11     | Reached skill level 11 in Summonings
 11201 | D:11     | Noticed a manticore
 11201 | D:11     | Noticed a cyan ugly thing
 11327 | D:10     | Killed a cyan ugly thing
 11427 | D:11     | Killed a manticore
 11427 | D:11     | Reached skill level 1 in Translocations
 11453 | D:11     | Noticed a white ugly thing
 11454 | D:11     | Found an opulent altar of Gozag.
 11468 | D:11     | Killed a white ugly thing
 11485 | D:11     | Reached XP level 11. HP: 69/89 MP: 4/18
 11521 | D:11     | Noticed a hill giant
 11526 | D:11     | Killed a hill giant
 11867 | D:11     | Noticed a hill giant
 11875 | D:11     | Killed a hill giant
 12030 | D:12     | Noticed a four-headed hydra
 12093 | D:12     | Killed a four-headed hydra
 12106 | D:12     | Noticed a hill giant
 12133 | D:12     | Killed a hill giant
 12364 | D:12     | Found a flickering gateway to a bazaar.
 12557 | D:12     | Noticed a hill giant
 12569 | D:12     | Killed a hill giant
 12776 | D:12     | Received a gift from Sif Muna
 12777 | D:12     | Identified Neates' Collected Works on Companions (Sif Muna gifted it to you on level 12 of the Dungeon)
 12814 | D:12     | Noticed an unseen horror
 12822 | D:12     | Killed an unseen horror
 13100 | D:12     | Noticed Azrael
 13106 | D:12     | Killed Azrael
 13106 | D:12     | Reached skill level 10 in Fighting
 13106 | D:12     | Reached skill level 5 in Translocations
 13256 | D:12     | Reached skill level 1 in Long Blades
 13306 | D:13     | Reached skill level 1 in Charms
 13734 | D:13     | HP: 3/90 [cyclops (21)]
 13734 | D:13     | Reached skill level 12 in Summonings
 13997 | D:13     | Reached XP level 12. HP: 94/97 MP: 18/18
 14236 | D:14     | Noticed an eight-headed hydra
 14280 | D:13     | Noticed a four-headed hydra
 14292 | D:13     | Killed a four-headed hydra
 14352 | D:14     | Reached skill level 5 in Long Blades
 14366 | D:13     | Gained mutation: Your muscles are strong. (Str +2) [potion of mutation]
 14366 | D:13     | Gained mutation: You are resistant to hostile enchantments. [potion of mutation]
 14366 | D:13     | Gained mutation: Your body is slowly deteriorating. [potion of mutation]
 14366 | D:13     | HP: 4/97 [poisoned by a green ugly thing]
 14367 | D:13     | Gained mutation: Potions and wands are less effective at restoring your health. [potion of mutation]
 14368 | D:13     | Lost mutation: Your body is slowly deteriorating. [potion of mutation]
 14368 | D:13     | Gained mutation: You are frail (-10% HP). [potion of mutation]
 14368 | D:13     | Gained mutation: Potions and wands are poor at restoring your health. [potion of mutation]
 14371 | D:13     | HP: 1/87 [poisoned by a green ugly thing]
 14375 | D:13     | Succumbed to a green ugly thing's poison

Action                   |  1- 3 |  4- 6 |  7- 9 | 10-12 || total
-------------------------+-------+-------+-------+-------++-------
Melee: Unarmed           |    32 |       |       |       ||    32
       Dagger            |    94 |   105 |       |       ||   199
       Mace              |       |    59 |   353 |   282 ||   694
       Scimitar          |       |       |       |   109 ||   109
 Cast: Summon Small Mamm |    20 |       |     1 |       ||    21
       Call Imp          |     4 |     9 |    18 |     3 ||    34
       Call Canine Famil |       |     5 |    19 |    27 ||    51
       Summon Ice Beast  |       |       |    24 |    65 ||    89
       Repel Missiles    |       |       |       |     4 ||     4
Invok: Channel Energy    |       |       |    42 |    91 ||   133
       Forget Spell      |       |       |       |     1 ||     1
 Abil: Evoke Blink       |       |       |     1 |     3 ||     4
       End Transformatio |       |       |       |     1 ||     1
       Bat Form          |       |       |       |     1 ||     1
Evoke: Wand              |       |       |    13 |    16 ||    29
  Use: Potion            |     8 |    14 |    56 |    75 ||   153
       Scroll            |       |     6 |    16 |     9 ||    31
 Stab: Distracted        |     1 |     3 |     1 |     2 ||     7
       Sleeping          |     6 |     6 |     9 |     3 ||    24
       Fleeing           |       |       |     1 |       ||     1
  Eat: Corpse            |    11 |     3 |     1 |       ||    15
